 Dungeon Crawl Stone Soup version 0.26-a0-651-gb41185065b (webtiles) character file.

Game seed: 7817671170434238271

140 Irenicus the Digger (level 5, 0/42 HPs)
             Began as a Deep Dwarf Earth Elementalist on Oct 13, 2020.
             Killed from afar by a white imp (6 damage)
             ... with a puff of frost
             ... on level 4 of the Dungeon.
             The game lasted 00:09:46 (1445 turns).

Irenicus the Digger (Deep Dwarf Earth Elementalist) Turns: 1445, Time: 00:09:46

Health: 0/42       AC: 10    Str: 15    XL:     5   Next: 2%
Magic:  0/7        EV: 11    Int: 16    God:
Gold:   37         SH:  0    Dex: 13    Spells: 4/7 levels left

rFire    . . .     SeeInvis +   c - +0 short sword
rCold    . . .     Faith    .   (no shield)
rNeg     . . .     Spirit   .   e - +0 ring mail
rPois    .         Reflect  .   k - +2 helmet
rElec    .         Harm     .   (no cloak)
rCorr    .         Rampage  .   i - +1 pair of gloves {Str+3}
MR       .....                  (no boots)
Stlth    +.........             (no amulet)
HPRegen  0.00/turn              d - ring of see invisible {sInv, !d}
MPRegen  0.10/turn              (no ring)

@: non-regenerating
A: damage resistance, heal wounds, sense surroundings 1, no regeneration
a: Heal Wounds


You were on level 4 of the Dungeon.
You visited 1 branch of the dungeon, and saw 4 of its levels.

You collected 37 gold pieces.

Inventory:

Hand Weapons
 c - a +0 short sword (weapon)
   (You found it on level 1 of the Dungeon)
Missiles
 b - 65 stones (quivered)
Armour
 e - a +0 ring mail (worn)
   (You found it on level 1 of the Dungeon)
 i - a +1 pair of gloves of strength (worn)
   (You found it on level 2 of the Dungeon)
 k - a +2 helmet (worn)
   (You found it on level 2 of the Dungeon)
Jewellery
 d - a ring of see invisible (left hand) {sInv, !d}
   (You found it on level 1 of the Dungeon)
Scrolls
 a - 6 scrolls of identify
 f - 2 scrolls of enchant weapon {unknown}
 g - 3 scrolls of teleportation
 l - a scroll of remove curse
 p - a scroll of magic mapping {unknown}
Potions
 h - a potion of berserk rage {!q}
 m - 3 potions of curing
 n - a potion of invisibility
 o - 2 potions of haste


   Skills:
 - Level 2.1 Dodging
 - Level 2.4 Stealth
 - Level 1.7 Spellcasting
 - Level 0.8 Transmutations
 + Level 7.6 Earth Magic


You had 4 spell levels left.
You knew the following spells:

 Your Spells              Type           Power        Failure   Level
a - Sandblast             Erth           ####..       1%          1
w - Passwall              Tmut/Erth      ###.....     11%         2

Your spell library contained the following spells:

 Spells                   Type           Power        Failure   Level
 Stone Arrow              Conj/Erth      ##....       26%         3
 Petrify                  Tmut/Erth      ###.....     58%         4
 Lee's Rapid Deconstruct  Erth           ####......   45%         5


Dungeon Overview and Level Annotations

Branches:
Dungeon (4/15)
 Temple: D:4-7

Altars:
The Shining One


Innate Abilities, Weirdness & Mutations

You are resistant to damage.
You can heal yourself by infusing magical energy.
You passively map a small area around you.
You do not regenerate.


Message History

Aiming: Sandblast (safe; 2% risk of failure)
Press: ? - help, Shift-Dir - straight line, f - kobold
Aim: a kobold, wielding a +0 short sword The blast of sand hits the kobold!
You kill the kobold!
b - 70 stones
Found an escape hatch in the floor.
You see here 9 sling bullets.
Casting: Sandblast (safe; 2% risk of failure)
Confirm with . or Enter, or press ? or * to list all spells.
Press: ? - help, Dir - move target cursor A rock wall.
You begin to meditate on the wall.
You continue meditating on the rock. x2
You finish merging with the rock.
You now have 3/6 mp.
You open the door.
There is an open door here.
Casting: Passwall (safe; 12% risk of failure)
Confirm with . or Enter, or press ? or * to list all spells.
Press: ? - help, Dir - move target cursor A rock wall.
You begin to meditate on the wall.
You continue meditating on the rock. x2
You finish merging with the rock.
You now have 3/6 mp.
Casting: Passwall (safe; 12% risk of failure)
Confirm with . or Enter, or press ? or * to list all spells.
Press: ? - help, Dir - move target cursor A rock wall.
You begin to meditate on the wall.
You continue meditating on the rock. x2
You finish merging with the rock.
You now have 2/6 mp.
There is a stone staircase leading down here.
You climb downwards.
A hound comes into view.
There is a stone staircase leading up here.
The hound barks!
Casting: Passwall (safe; 12% risk of failure)
Confirm with . or Enter, or press ? or * to list all spells.
Aiming: Sandblast (safe; 2% risk of failure)
Press: ? - help, Shift-Dir - straight line, f - hound
Aim: a hound The blast of sand hits the hound!
The hound is heavily wounded.
b - 69 stones The hound bites you but does no damage.
You now have 2/6 mp.
Casting: Sandblast (safe; 2% risk of failure)
Confirm with . or Enter, or press ? or * to list all spells.
Aiming: Sandblast (safe; 2% risk of failure)
Press: ? - help, Shift-Dir - straight line, f/p - hound
Aim: a hound (heavily wounded)
The blast of sand hits the hound!
You kill the hound!
You have reached level 5!
b - 68 stones You now have 1/7 mp.
You see here a hound corpse.
An orc skeleton comes into view.
Casting: Sandblast (safe; 1% risk of failure)
Confirm with . or Enter, or press ? or * to list all spells.
Aiming: Sandblast (safe; 1% risk of failure)
Press: ? - help, Shift-Dir - straight line, f - orc skeleton
Aim: an orc skeleton The blast of sand hits the orc skeleton!
You destroy the orc skeleton!
b - 67 stones You now have 1/7 mp.
Casting: Sandblast (safe; 1% risk of failure)
Confirm with . or Enter, or press ? or * to list all spells.
You can't see any susceptible monsters within range! (Use Z to cast anyway.)
A white imp, a zombie and 3 skeletons come into view.
The white imp shouts!
Found a glowing golden altar of the Shining One.
Casting: Sandblast (safe; 1% risk of failure)
Confirm with . or Enter, or press ? or * to list all spells.
Aiming: Sandblast (safe; 1% risk of failure)
Press: ? - help, Shift-Dir - straight line, f - kobold skeleton
Aim: a kobold skeleton The blast of sand hits the kobold skeleton!
You destroy the kobold skeleton!
b - 66 stones You now have 1/7 mp.
Casting: Sandblast (safe; 1% risk of failure)
Confirm with . or Enter, or press ? or * to list all spells.
Aiming: Sandblast (safe; 1% risk of failure)
Press: ? - help, Shift-Dir - straight line, f - white imp
Aim: a white imp The blast of sand hits the white imp.
The white imp is heavily wounded.
b - 65 stones A white imp opens the door.
You now have 0/7 mp.
Casting: Sandblast (safe; 1% risk of failure)
Confirm with . or Enter, or press ? or * to list all spells.
You don't have enough magic to cast that spell.
Unknown command.
A goblin skeleton comes into view.
The white imp gestures at you. The puff of frost hits you!
You die...

###+## #...#
#.....##...# *
#......#...#
,+.._..Z.Z..# *
#...Z.##5..#
#.....*#...#
*##.+##,#...############
###.#.##..............#
......Z@...#####......#
, .....[.....# #......#*
* ########...# #......#
, * ##### ###†###.. ,
#.# * # , , , * **
####.# , * , , , #...<#
, * *, **#.#### , .. ,*


You could see a white imp, a goblin skeleton and a kobold skeleton.

Vanquished Creatures
  A hound (D:4)
  4 gnolls (D:2)
  2 adders
  2 worms
  A dart slug (D:2)
  An orc (D:3)
  2 bats
  2 giant cockroaches
  4 goblins
  2 hobgoblins
  8 jackals
  A quokka (D:3)
  5 frilled lizards
  6 kobolds
  A kobold skeleton (D:4)
  An orc skeleton (D:4)
  8 rats
51 creatures vanquished.

Notes
Turn   | Place    | Note
-------+----------+-------------------------------------------
     0 | D:1      | Irenicus the Deep Dwarf Earth Elementalist began the quest
                  | for the Orb.
     0 | D:1      | Reached XP level 1. HP: 15/15 MP: 3/3
   144 | D:1      | Reached XP level 2. HP: 22/22 MP: 0/4
   203 | D:1      | Reached skill level 5 in Earth Magic
   256 | D:1      | Learned a level 2 spell: Passwall
   408 | D:2      | glove of str, nice
   522 | D:2      | Reached XP level 3. HP: 16/28 MP: 0/5
   662 | D:2      | Reached skill level 6 in Earth Magic
   762 | D:2      | Reached XP level 4. HP: 10/36 MP: 1/6
   768 | D:2      | HP: 6/36 [gnoll/+0 flail (4)]
   844 | D:2      | HP: 5/36 [jackal (1)]
  1141 | D:3      | Reached skill level 7 in Earth Magic
  1422 | D:4      | Reached XP level 5. HP: 6/42 MP: 1/7
  1437 | D:4      | Found a glowing golden altar of the Shining One.
  1445 | D:4      | Killed from afar by a white imp

Illustrated notes

######### ### #.......#
#<#
*########.......######.##
,..?...†@.......'........
*
########.......######..#
#.....<.# #..< , ***
#.......# ##.. , * ,
#.......# #. , *
######### . , # * *


Turn 408 on D:2: glove of str, nice

Levels and vault maps discovered:
D:1:      dpeg_arrival_pits, layout_basic
D:2:      layout_basic
D:3:      layout_basic
D:4:      layout_rooms, lemuel_crystal_altar, kennysheep_slug_shrine,
          nicolae_tso_besieged_by_evil, demons_altar, minmay_temple_entry_arrows

Skill      XL: |  1  2  3  4 |
---------------+-------------+-----
Earth Magic    | 5 6 7 |  7.6
Dodging        | |  2.1
Stealth        | |  2.4
Spellcasting   | |  1.7
Transmutations | |  0.8

Action                   |  1- 3 |  4- 6 || total
-------------------------+-------+-------++-------
Melee: Unarmed           |    17 |       ||    17
       Short sword       |    32 |    13 ||    45
 Cast: Sandblast         |    39 |    23 ||    62
       Passwall          |     5 |    12 ||    17
  Use: Scroll            |     2 |     5 ||     7
       Potion            |     2 |     1 ||     3
 Stab: Sleeping          |     2 |       ||     2
Armor: Ring mail         |    18 |     7 ||    25
Dodge: Dodged            |    41 |    11 ||    52

Table legend: (Time is in decaauts)
 A = Elapsed time spent in this place.
 B = Non-inter-level travel time spent in this place.
 C = Inter-level travel time spent in this place.
 D = Time resting spent in this place.
 E = Time spent auto-exploring this place.
 F = Levels seen in this place.
 G = Mean time per level.
                   A        B        C        D        E       F      G
               +--------+--------+--------+--------+--------+-----+--------+
         Total |   1447 |   1447 |      0 |      0 |      0 |   4 |  361.8 |
       Dungeon |   1447 |   1447 |      0 |      0 |      0 |   4 |  361.8 |
               +--------+--------+--------+--------+--------+-----+--------+

Top non-repeatable levels by time:
     D:3: 550 daAuts
     D:2: 499 daAuts
     D:1: 371 daAuts
     D:4: 26 daAuts

Table legend:
 A = Kills in this place as a percentage of kills in entire the game.
 B = Kills by you in this place as a percentage of kills by you in the entire game.
 C = Kills by friends in this place as a percentage of kills by friends in the entire game.
 D = Other kills in this place as a percentage of other kills in the entire game.
 E = Experience gained in this place as a percentage of experience gained in the entire game.
 F = Experience gained in this place divided by the number of levels of this place that you have seen.
                   A       B       C       D       E      F
               +-------+-------+-------+-------+-------+----------------------
         Total | 100.0 | 100.0 |   N/A |   N/A | 100.0 |  50.0
       Dungeon | 100.0 | 100.0 |   N/A |   N/A | 100.0 |  50.0
               +-------+-------+-------+-------+-------+----------------------
